 Dungeon Crawl Stone Soup version 0.20.1-1-g8b1a95d (console) character file.

116 bli the Chopper (level 4, 0/36 HPs)
             Began as a Draconian Wanderer on July 16, 2017.
             Slain by a centaur (9 damage)
             ... on level 3 of the Dungeon.
             The game lasted 00:06:52 (2377 turns).

bli the Chopper (Draconian Wanderer)                Turns: 2377, Time: 00:06:52

Health: 0/36       AC:  5    Str: 15    XL:     4   Next: 70%
Magic:  7/7        EV: 12    Int: 14    God:
Gold:   111        SH:  0    Dex:  9    Spells: 7/7 levels left

rFire    . . .     SeeInvis .   a - +2 hand axe
rCold    . . .     Gourm    .   (no shield)
rNeg     . . .     Faith    .   (armour unavailable)
rPois    .         Spirit   .   (helmet restricted)
rElec    .         Reflect  .   (no cloak)
rCorr    .         Harm     .   (no gloves)
MR       .....                  (no boots)
Stlth    +.........             f - amulet of magic regeneration
Regen    0.2/turn               (no ring)
MPRegen  0.2/turn               (no ring)

@: no status effects
A: unfitting armour, cold-blooded, AC +5
a: no special abilities


You were on level 3 of the Dungeon.
You were not hungry.

You visited 1 branch of the dungeon, and saw 3 of its levels.

You collected 111 gold pieces.

Inventory:

Hand Weapons
 a - a +2 hand axe (weapon)
Missiles
 g - 120 stones (quivered)
 k - 5 javelins of returning
Jewellery
 f - an amulet of magic regeneration (around neck)
Scrolls
 e - 5 scrolls of identify {unknown}
 l - a scroll of remove curse {unknown}
 m - a scroll of enchant weapon {unknown}
 n - a scroll of teleportation {unknown}
Potions
 i - a potion of brilliance {unknown}
 j - 2 potions of flight {unknown}
Books
 b - Copp's Disquisition on Feathers

   Spells                             Type                      Level
   a - Shock                          Conjuration/Air              1
   b - Mephitic Cloud                 Conjuration/Poison/Air       3
 c - the Reference Book on the Volcanoes

   Spells                             Type                      Level
   a - Flame Tongue                   Conjuration/Fire             1
   b - Conjure Flame                  Conjuration/Fire             3
Comestibles
 d - 3 bread rations
 h - 4 fruits


   Skills:
 * Level 2.1 Fighting
 + Level 3.8 Axes
 * Level 1.8 Dodging
 - Level 1.0 Stealth
   Level 1.0 Shields
 + Level 2.2 Spellcasting
   Level 1.7 Charms
   Level 1.0 Fire Magic


You had 7 spell levels left.
You didn't know any spells.

Dungeon Overview and Level Annotations

Branches:
Dungeon (3/15)

Altars:
Ashenzari
Dithmenos
Fedhas
Kikubaaqudgha
Nemelex Xobeh
Sif Muna
Trog
Zin


Innate Abilities, Weirdness & Mutations

Your plain brown scales are hard. (AC +5)
You cannot fit into any form of body armour.
You are cold-blooded and may be slowed by cold attacks.


Message History

You hit the centaur.
The centaur is lightly wounded.
The centaur hits you! The centaur completely misses you.
You closely miss the centaur.
The centaur is lightly wounded.
The centaur closely misses you.
You hit the centaur but do no damage. You tail-slap the centaur.
The centaur is moderately wounded.
The centaur hits you but does no damage.
The centaur barely misses you.
You hit the centaur but do no damage.
The centaur is moderately wounded.
The centaur hits you.
* * * LOW HITPOINT WARNING * * *
The centaur closely misses you.
You hit the centaur.
The centaur is heavily wounded.
The centaur hits you but does no damage.
The centaur hits you!
You die...

.... ...... #...
...%.## +... .......
#...#.....##
#...........
#........... #...c...#
#...@...# #.......#
##.......# #....#####
... #..... #....###
...##..... #......# ###
......... #.(....##....
........# #............
........# #.#..........
........# ##.#.........
........###..........##
.


You could see a centaur.

Vanquished Creatures
  4 adders
  An ooze (D:1)
  A worm (D:2)
  A dart slug (D:3)
  A leopard gecko (D:3)
  6 orcs (D:3)
  3 ball pythons (D:1)
  2 giant cockroaches (D:2)
  6 hobgoblins
  8 jackals
  5 kobolds
  8 bats
  A frilled lizard (D:1)
  7 goblins
  7 rats
61 creatures vanquished.

Notes
Turn   | Place    | Note
-------+----------+-------------------------------------------
     0 | D:1      | bli the Draconian Wanderer began the quest for the Orb.
     0 | D:1      | bli set off with: a +2 hand axe, Copp's Disquisition on Feathers, the Reference Book on the Volcanoes, a bread ration
     0 | D:1      | Reached XP level 1. HP: 16/16 MP: 3/3
     0 | D:1      | Identified the Reference Book on the Volcanoes
     0 | D:1      | Identified Copp's Disquisition on Feathers
   113 | D:1      | Reached XP level 2. HP: 19/23 MP: 5/5
   555 | D:1      | Reached XP level 3. HP: 24/28 MP: 6/6
   567 | D:1      | Reached skill level 3 in Axes
   613 | D:2      | Reached skill level 1 in Dodging
  1021 | D:2      | Found a sparkling altar of Nemelex Xobeh.
  1033 | D:2      | Found a glowing silver altar of Zin.
  1240 | D:2      | Reached XP level 4. HP: 15/35 MP: 7/7
  1832 | D:3      | Found an ancient bone altar of Kikubaaqudgha.
  1978 | D:3      | Found a blossoming altar of Fedhas.
  1979 | D:3      | Found a shadowy altar of Dithmenos.
  1979 | D:3      | Found a shattered altar of Ashenzari.
  1981 | D:3      | Found a bloodstained altar of Trog.
  1981 | D:3      | Found a deep blue altar of Sif Muna.
  2365 | D:3      | Noticed a centaur
  2377 | D:3      | Slain by a centaur

Skill      XL: |  1  2  3  4 |
---------------+-------------+-----
Axes           | 3 |  3.8
Dodging        | 1 |  1.8
Fighting       | 2 |  2.1
Stealth        | |  1.0
Shields        | |  1.0
Spellcasting   | |  2.2
Charms         | |  1.7
Fire Magic     | |  1.0

Action                   |  1- 3 |  4- 6 || total
-------------------------+-------+-------++-------
Melee: Hand axe          |   108 |    63 ||   171
       Tailslap          |     4 |     7 ||    11
 Stab: Sleeping          |     2 |     1 ||     3
  Eat: Chunk             |     1 |     4 ||     5
Armor: Skin              |    39 |    26 ||    65
Dodge: Dodged            |    62 |    52 ||   114
